 Dungeon Crawl Stone Soup version 0.24.0-13-gcf9b319 (webtiles) character file.

Game seed: 16112244117044688048, levelgen mode: deterministic

430 Fang the Skirmisher (level 6, -9/60 HPs)
             Began as a Gargoyle Berserker on Nov 18, 2019.
             Was a Priest of Trog.
             Mangled by an ogre
             ... wielding a +0 giant club
              (27 damage)
             ... on level 4 of the Dungeon.
             The game lasted 00:04:48 (3818 turns).

Fang the Skirmisher (Gargoyle Berserker)            Turns: 3818, Time: 00:04:49

Health: -9/60      AC:  6    Str: 27    XL:     6   Next: 99%
Magic:  6/6        EV: 13    Int:  8    God:    Trog [***...]
Gold:   194        SH:  0    Dex:  9    Spells: 5/5 levels left

rFire    . . .     SeeInvis .   a - +0 war axe
rCold    . . .     Gourm    .   (no shield)
rNeg     + . .     Faith    .   b - +0 animal skin
rPois    ∞         Spirit   .   (no helmet)
rElec    +         Reflect  .   n - scarf {repulsion}
rCorr    .         Harm     .   (no gloves)
MR       .....                  (no boots)
Stlth    ..........             (no amulet)
HPRegen  0.20/turn              f - +6 ring of slaying
MPRegen  0.10/turn              (no ring)

@: berserking, repel missiles, very quick
A: negative energy resistance 1, electricity resistance, unbreathing,
petrification resistance, rot immunity, AC +4
a: Berserk, Trog's Hand, Renounce Religion


You were on level 4 of the Dungeon.
You worshipped Trog.
Trog was most pleased with you.
You were very hungry.

You visited 1 branch of the dungeon, and saw 4 of its levels.

You collected 194 gold pieces.

Inventory:

Hand Weapons
 a - a +0 war axe (weapon)
Armour
 b - a +0 animal skin (worn)
 n - a scarf of repulsion (worn)
Jewellery
 f - a +6 ring of slaying (left hand)
 s - an uncursed ring of see invisible {unknown}
 w - a cursed -4 ring of dexterity {unknown}
Scrolls
 g - a scroll of noise {unknown}
 i - 3 scrolls of fog {unknown}
 k - 6 scrolls of teleportation {unknown}
 l - a scroll of immolation {unknown}
 m - a scroll of identify {unknown}
 q - 2 scrolls of blinking {unknown}
 r - 3 scrolls of enchant weapon {unknown}
 t - a scroll of fear {unknown}
 v - a scroll of remove curse {unknown}
 y - a scroll of amnesia {unknown}
Potions
 d - 6 potions of heal wounds {unknown}
 e - a potion of mutation {unknown}
 h - 2 potions of berserk rage {unknown}
 j - 2 potions of curing {unknown}
 o - 4 potions of lignification {unknown}
 p - a potion of resistance {unknown}
 u - a potion of haste {unknown}
 z - a potion of ambrosia {unknown}
Comestibles
 c - 9 rations


   Skills:
 + Level 5.0 Fighting
 + Level 4.1 Axes
 + Level 4.3 Armour
 + Level 3.2 Dodging


You had 5 spell levels left.
You didn't know any spells.
Your spell library was empty.

Dungeon Overview and Level Annotations

Branches:
Dungeon (4/15)
 Temple: D:4-7

Altars:
Gozag
Trog
Wu Jian
Xom

Annotations:
D:2 2 transporters


Innate Abilities, Weirdness & Mutations

You are resistant to torment.
Your stone body is resilient. (AC +4)
You are immune to poison.
You resist negative energy. (rN+)
You are resistant to electric shocks. (rElec)
You can survive without breathing.
You are immune to petrification.
You are immune to rotting.


Message History

You slash the ogre!
The ogre is severely wounded.
The ogre hits you with a +0 giant club!
* * * LOW HITPOINT WARNING * * *
You are too injured to fight recklessly!
You are too injured to fight recklessly!
You are too injured to fight recklessly!
You are too injured to fight recklessly!
You are too injured to fight recklessly!
You are too injured to fight recklessly!
You are too injured to fight recklessly!
You are too injured to fight recklessly!
You are too injured to fight recklessly!
You are too injured to fight recklessly!
You are too injured to fight recklessly!
A red film seems to cover your vision as you go berserk!
You feel yourself moving faster!
You feel mighty!
You are feeling very hungry.
The ogre hits you with a +0 giant club!!
You die...

### ######### ## ..#
#.....#.. .# ..#
#.....#.###.###### ..#
#.....#...@O......
..#####.....#..##.######
..'........[........>.
..#.###.....#...####.#
..#.# #.....#......# #
###.# #.....#....#.# #.#
#.....#..#.# # #.#
#.....#....# #.#
#######.#####


You could see an ogre.

Vanquished Creatures
  A phantom (D:4)
  A howler monkey (D:4)
  2 orc wizards (D:3)
  A bullfrog skeleton (D:3)
  An iguana (D:4)
  8 gnolls (D:3)
  An adder (D:3)
  4 oozes
  4 worms
  2 dart slugs (D:1)
  A leopard gecko (D:4)
  8 orcs
  4 giant cockroaches
  11 goblins
  4 hobgoblins
  2 jackals (D:3)
  A quokka (D:2)
  2 ball pythons (D:1)
  6 bats
  11 frilled lizards
  10 kobolds
  6 rats
91 creatures vanquished.

Notes
Turn   | Place    | Note
-------+----------+-------------------------------------------
     0 | D:1      | Fang the Gargoyle Berserker began the quest for the Orb.
     0 | D:1      | Reached XP level 1. HP: 14/14 MP: 1/1
    82 | D:1      | Reached XP level 2. HP: 7/19 MP: 2/2
   720 | D:1      | Reached XP level 3. HP: 22/23 MP: 3/3
  1014 | D:2      | Reached ** piety under Trog
  1177 | D:2      | Found a bloodstained altar of Trog.
  1178 | D:2      | Noticed an orc warrior
  1180 | D:2      | Found a transporter.
  1183 | D:2      | Noticed an ogre
  1200 | D:2      | Found a transporter.
  1335 | D:2      | Reached XP level 4. HP: 19/29 MP: 4/4
  1760 | D:2      | Found an ornate altar of the Wu Jian Council.
  1886 | D:3      | Reached skill level 4 in Fighting
  1950 | D:3      | Found an opulent altar of Gozag.
  1988 | D:3      | Reached XP level 5. HP: 31/33 MP: 5/5
  2828 | D:3      | Reached *** piety under Trog
  2937 | D:3      | Found a shimmering altar of Xom.
  2941 | D:3      | Reached XP level 6. HP: 34/39 MP: 2/6
  3586 | D:4      | Noticed a phantom
  3600 | D:4      | Killed a phantom
  3684 | D:4      | Reached skill level 5 in Fighting
  3818 | D:4      | Mangled by an ogre

Levels and vault maps discovered:
D:1:      dpeg_arrival_tiny_a, layout_basic
D:2:      layout_loops_ring, overflow_temple_1_default,
          gammafunk_temple_overflow_arena, minmay_cut_off
D:3:      layout_loops_corners, nicolae_gozag_cash_rules_everything_around_me,
          tgw_xom, first_ration
D:4:      layout_basic, hangedman_decor_riveting

Skill      XL: |  1  2  3  4  5  6 |
---------------+-------------------+-----
Axes           | 3 4 |  4.1
Dodging        | 2 3 |  3.2
Armour         | 3 4 |  4.3
Fighting       | 4 5 |  5.0

Action                   |  1- 3 |  4- 6 || total
-------------------------+-------+-------++-------
Melee: Hand axe          |    93 |    10 ||   103
       War axe           |       |   104 ||   104
Invok: Berserk           |       |     2 ||     2
 Stab: Sleeping          |     1 |     1 ||     2
  Eat: Chunk             |     1 |     9 ||    10
Armor: Animal skin       |    31 |    31 ||    62
Dodge: Dodged            |    60 |    69 ||   129
       Deflected         |       |     2 ||     2
